 Dungeon Crawl Stone Soup version 0.21.1-1-g345015f (webtiles) character file.

257 tidbits the Charmwright (level 6, 18/50 HPs)
             Began as a Gnoll Skald on June 20, 2018.
             Was an Initiate of Cheibriados.
             Quit the game on level 4 of the Dungeon.
             The game lasted 00:05:25 (467 turns).

tidbits the Charmwright (Gnoll Skald)                Turns: 467, Time: 00:05:26

Health: 18/50      AC:  4    Str: 15    XL:     6   Next: 16%
Magic:  0/13       EV: 15    Int: 18    God:    Cheibriados [......]
Gold:   27         SH:  0    Dex: 15    Spells: 4/15 levels left

rFire    . . .     SeeInvis .   a - +0 hand axe
rCold    . . .     Gourm    .   (no shield)
rNeg     + . .     Faith    .   B - +2 robe {rN+}
rPois    .         Spirit   .   (no helmet)
rElec    .         Reflect  .   (no cloak)
rCorr    .         Harm     .   (no gloves)
MR       .....                  (no boots)
Stlth    +.........             (no amulet)
HPRegen  1.16/turn              k - ring of loudness (curse)
MPRegen  0.13/turn              (no ring)

@: mildly poisoned (18 -> 17), infused, regenerating (expiring), very slow
A: distributed training, fangs 1, strong nose
a: Bend Time, Renounce Religion


You were on level 4 of the Dungeon.
You worshipped Cheibriados.
Cheibriados was noncommittal.
You were not hungry.

You visited 1 branch of the dungeon, and saw 4 of its levels.

You collected 27 gold pieces.

Inventory:

Hand Weapons
 a - a +0 hand axe (weapon)
 f - a +0 short sword
 p - a +0 flail
Missiles
 e - 18 stones (quivered)
 h - 17 bolts
 o - 57 arrows
Armour
 b - a +0 leather armour
 m - a +0 ring mail
 B - a +2 robe of positive energy (worn)
   (You found it on level 2 of the Dungeon)
Jewellery
 g - an uncursed ring of ice
   (You found it on level 1 of the Dungeon)
 k - a cursed ring of loudness (left hand)
   (You found it on level 1 of the Dungeon)
Scrolls
 j - a scroll of noise
 l - a scroll of remove curse
 n - a scroll of amnesia
Books
 d - a book of Battle

   Spells                             Type                      Level
   a - Infusion                       Charms                       1
   b - Shroud of Golubria             Charms/Translocation         2
   c - Song of Slaying                Charms                       2
   d - Spectral Weapon                Hexes/Charms                 3
   e - Regeneration                   Charms/Necromancy            3
Comestibles
 c - 2 rations


   Skills:
 + Level 4.9 Fighting
 + Level 1.8 Short Blades
 + Level 1.8 Long Blades
 + Level 4.9 Axes
 + Level 1.8 Maces & Flails
 + Level 1.8 Polearms
 + Level 1.8 Staves
 + Level 1.8 Slings
 + Level 1.8 Bows
 + Level 1.8 Crossbows
 + Level 1.8 Throwing
 + Level 3.1 Armour
 + Level 4.9 Dodging
 + Level 1.8 Stealth
 + Level 1.8 Shields
 + Level 1.8 Unarmed Combat
 + Level 5.3 Spellcasting
 + Level 1.4 Conjurations
 + Level 1.4 Hexes
 + Level 5.6 Charms
 + Level 1.4 Summonings
 + Level 1.4 Necromancy
 + Level 1.4 Translocations
 + Level 1.4 Transmutations
 + Level 1.4 Fire Magic
 + Level 1.4 Ice Magic
 + Level 1.4 Air Magic
 + Level 1.4 Earth Magic
 + Level 1.4 Poison Magic
 + Level 2.0 Invocations
 + Level 1.8 Evocations


You had 4 spell levels left.
You knew the following spells:

 Your Spells              Type           Power        Failure   Level  Hunger
g - Shroud of Golubria    Chrm/Tloc      ###.......   4%          2    #......
i - Infusion              Chrm           ####         1%          1    None
r - Regeneration          Chrm/Necr      ###.......   9%          3    ##.....
w - Spectral Weapon       Hex/Chrm       ###.....     9%          3    ##.....
y - Song of Slaying       Chrm           ####....     1%          2    #......


Dungeon Overview and Level Annotations

Branches:
Dungeon (4/15)
 Temple: D:4-7

Altars:
Cheibriados
Dithmenos
Nemelex Xobeh
Uskayaw

Annotations:
D:3 emiel's ghost, amateur OpFi


Innate Abilities, Weirdness & Mutations

Your experience applies equally to all skills.
You have very sharp teeth.
Your uncanny sense of smell can sniff out nearby items.


Message History

Wield which item (- for none, * to show all)? (? for menu, Esc to quit)
Your spectral weapon disappears as you unwield.
c - 2 rations (in branch)
You swing at nothing.
You swing at nothing.
You are no longer magically infusing your attacks.
You swing at nothing.
Your transformation is almost over.
You swing at nothing.
You swing at nothing.
You swing at nothing.
You swing at nothing.
You swing at nothing.
You feel less wooden.
Your +2 robe of positive energy unmelds from your body.
You feel more protected from negative energy.
Casting: Spectral Weapon
Confirm with . or Enter, or press ? or * to list all spells.
Your skin crawls.
Wield which item (- for none, * to show all)? (? for menu, Esc to quit)
a - a +0 hand axe (weapon)
Emiel's ghost (amateur Octopode Fighter) comes into view.
You see here a ruby potion.
i - a ruby potion Emiel's ghost turns its malevolent gaze towards you.
Okay, then.
Press: ? - help, v - describe, . - travel
Here: emiel's ghost The floor.
Unknown command.
Okay, then.
Unknown command.
Unknown command.
Okay, then.
Unknown command.
It was a potion of cancellation.
Your magical effects are unravelling.
You feel magically purged.
You feel a little less clever now.
Your skin stops crawling.
Okay, then.
Emiel's ghost misses you.
You see here a stone.
Emiel's ghost barely misses you. Emiel's ghost hits you!
There is a stone staircase leading down here.
Emiel's ghost misses you.
You climb downwards.
A worker ant, an orc and a skeleton come into view.
The worker ant twitches its antennae in your direction.
The orc shouts!
Found 25 stones and a robe.
Found two stone staircases leading down.
There is a stone staircase leading up here.
An orc priest and an orc wizard come into view.
The worker ant bites you. The worker ant closely misses you.
You see here a robe.
You aren't carrying any potions.
Unknown command.
The worker ant misses you. The orc barely misses you.
The worker ant closely misses you. The worker ant bites you.
* * * LOW HITPOINT WARNING * * *
The worker ant bites you but does no damage.
You aren't carrying any potions.
Unknown command.
Wield which item (- for none, * to show all)? (? for menu, Esc to quit)
Okay, then.
Casting: Regeneration
Confirm with . or Enter, or press ? or * to list all spells.
You begin infusing your attacks with magical energy.
The worker ant barely misses you.
Unknown command.
Casting: Infusion
Confirm with . or Enter, or press ? or * to list all spells.
Your skin crawls.
The worker ant closely misses you.
Unknown command.
You hit the worker ant.
The worker ant is lightly wounded.
The worker ant bites you.
You closely miss the worker ant.
The worker ant is lightly wounded.
The worker ant misses you. The worker ant bites you.
* * * LOW HITPOINT WARNING * * *
You hit the worker ant but do no damage.
The worker ant is lightly wounded.
The worker ant bites you.
* * * LOW HITPOINT WARNING * * *
You are poisoned.
The worker ant poisons you!
You closely miss the worker ant.
The worker ant is lightly wounded.
You feel sick. The worker ant misses you.
You hit the worker ant but do no damage.
The worker ant is lightly wounded.
Your skin is crawling a little less now.
You feel sick.
The worker ant bites you but does no damage.
Unknown command.
Are you sure you want to abandon this character and quit the game? (Confirm with "yes".)

∆ ########## ######...
#......#.#####<....##
.#......[.............(
........Z.........>#.##
..........#####..o...#
#########Z.# .........
.......@ao.# .........
...######.## #o.....>.
#.# ......... #.#
####### ∆#.# #.# #.# .#


You could see a worker ant, an orc priest and a ball python skeleton.

Vanquished Creatures
  Grinder (D:3)
  4 adders
  A leopard gecko (D:1)
  A bat (D:1)
  A goblin (D:2)
  A hobgoblin (D:1)
  3 kobolds (D:1)
  A quokka (D:2)
  A frilled lizard (D:2)
  3 rats
17 creatures vanquished.

Notes
Turn   | Place    | Note
-------+----------+-------------------------------------------
     0 | D:1      | tidbits the Gnoll Skald began the quest for the Orb.
     0 | D:1      | Reached XP level 1. HP: 20/20 MP: 6/6
    97 | D:1      | Reached XP level 2. HP: 26/26 MP: 3/7
   159 | D:2      | Found a shadowy altar of Dithmenos.
   160 | D:2      | Found a sparkling altar of Nemelex Xobeh.
   160 | D:2      | Found a hide-covered altar of Uskayaw.
   169 | D:2      | Found a snail-covered altar of Cheibriados.
   185 | D:2      | Became a worshipper of Cheibriados the Contemplative
   201 | D:2      | Learned a level 2 spell: Song of Slaying
   204 | D:2      | Learned a level 2 spell: Shroud of Golubria
   314 | D:3      | Reached skill level 5 in Spellcasting
   314 | D:3      | Reached XP level 3. HP: 31/31 MP: 1/9
   319 | D:3      | Learned a level 3 spell: Regeneration
   323 | D:3      | Learned a level 3 spell: Spectral Weapon
   349 | D:2      | Reached skill level 1 in Invocations
   401 | D:3      | Found a faded altar of an unknown god.
   413 | D:3      | Noticed Grinder
   416 | D:3      | Paralysed by Grinder for 5 turns
   428 | D:3      | Killed Grinder
   428 | D:3      | Reached skill level 1 in Short Blades
   428 | D:3      | Reached skill level 1 in Long Blades
   428 | D:3      | Reached skill level 1 in Maces & Flails
   428 | D:3      | Reached skill level 1 in Polearms
   428 | D:3      | Reached skill level 1 in Staves
   428 | D:3      | Reached skill level 1 in Slings
   428 | D:3      | Reached skill level 1 in Bows
   428 | D:3      | Reached skill level 1 in Crossbows
   428 | D:3      | Reached skill level 1 in Throwing
   428 | D:3      | Reached skill level 3 in Armour
   428 | D:3      | Reached skill level 1 in Stealth
   428 | D:3      | Reached skill level 1 in Shields
   428 | D:3      | Reached skill level 1 in Unarmed Combat
   428 | D:3      | Reached skill level 1 in Conjurations
   428 | D:3      | Reached skill level 1 in Hexes
   428 | D:3      | Reached skill level 1 in Summonings
   428 | D:3      | Reached skill level 1 in Necromancy
   428 | D:3      | Reached skill level 1 in Translocations
   428 | D:3      | Reached skill level 1 in Transmutations
   428 | D:3      | Reached skill level 1 in Fire Magic
   428 | D:3      | Reached skill level 1 in Ice Magic
   428 | D:3      | Reached skill level 1 in Air Magic
   428 | D:3      | Reached skill level 1 in Earth Magic
   428 | D:3      | Reached skill level 1 in Poison Magic
   428 | D:3      | Reached skill level 2 in Invocations
   428 | D:3      | Reached skill level 1 in Evocations
   428 | D:3      | Reached XP level 4. HP: 38/38 MP: 1/11
   428 | D:3      | Reached XP level 5. HP: 43/43 MP: 1/12
   428 | D:3      | Reached XP level 6. HP: 50/50 MP: 1/13
   441 | D:3      | Noticed emiel's ghost (amateur OpFi)
   467 | D:4      | Quit the game

Skill      XL: |  1  2  3 |
---------------+----------+-----
Spellcasting   | 5 |  5.3
Invocations    | 2 |  2.0
Short Blades   | 1 |  1.8
Long Blades    | 1 |  1.8
Maces & Flails | 1 |  1.8
Polearms       | 1 |  1.8
Staves         | 1 |  1.8
Slings         | 1 |  1.8
Bows           | 1 |  1.8
Crossbows      | 1 |  1.8
Throwing       | 1 |  1.8
Armour         | 3 |  3.1
Stealth        | 1 |  1.8
Shields        | 1 |  1.8
Unarmed Combat | 1 |  1.8
Conjurations   | 1 |  1.4
Hexes          | 1 |  1.4
Summonings     | 1 |  1.4
Necromancy     | 1 |  1.4
Translocations | 1 |  1.4
Transmutations | 1 |  1.4
Fire Magic     | 1 |  1.4
Ice Magic      | 1 |  1.4
Air Magic      | 1 |  1.4
Earth Magic    | 1 |  1.4
Poison Magic   | 1 |  1.4
Evocations     | 1 |  1.8
Fighting       | |  4.9
Axes           | |  4.9
Dodging        | |  4.9
Charms         | |  5.6

Action                   |  1- 3 |  4- 6 || total
-------------------------+-------+-------++-------
Melee: Hand axe          |    39 |     5 ||    44
       Flail             |     6 |       ||     6
       Bite              |     1 |       ||     1
Throw: Stone             |     1 |       ||     1
 Cast: Infusion          |     8 |     1 ||     9
       Shroud of Golubri |     1 |       ||     1
       Spectral Weapon   |     1 |       ||     1
       Regeneration      |       |     2 ||     2
  Use: Scroll            |     3 |       ||     3
       Potion            |     2 |     1 ||     3
Armor: Leather armour    |     2 |       ||     2
       Robe              |     3 |     2 ||     5
       Skin              |     4 |       ||     4
Dodge: Dodged            |    27 |    11 ||    38

Table legend:
 A = Turns spent in this place as a percentage of turns spent in the entire game.
 B = Non-inter-level travel turns spent in this place as a percentage of non-inter-level travel turns spent in the entire game.
 C = Inter-level travel turns spent in this place as a percentage of turns spent in this place.
 D = Turns resting spent in this place as a percentage of non-inter-level travel turns spent in this place.
 E = Turns spent auto-exploring this place as a percentage of non-inter-level travel turns spent in this place.
 F = Non-inter-level travel turns spent in this place divided by the number of levels of this place that you've seen.
                   A       B       C       D       E      F
               +-------+-------+-------+-------+-------+----------------------
         Total | 100.0 | 100.0 |   0.0 |   0.0 |   0.0 | 116.8
       Dungeon | 100.0 | 100.0 |   0.0 |   0.0 |   0.0 | 116.8
               +-------+-------+-------+-------+-------+----------------------

Table legend:
 A = Kills in this place as a percentage of kills in entire the game.
 B = Kills by you in this place as a percentage of kills by you in the entire game.
 C = Kills by friends in this place as a percentage of kills by friends in the entire game.
 D = Other kills in this place as a percentage of other kills in the entire game.
 E = Experience gained in this place as a percentage of experience gained in the entire game.
 F = Experience gained in this place divided by the number of levels of this place that you have seen.
                   A       B       C       D       E      F
               +-------+-------+-------+-------+-------+----------------------
         Total | 100.0 | 100.0 |   N/A |   N/A | 100.0 |  92.0
       Dungeon | 100.0 | 100.0 |   N/A |   N/A | 100.0 |  92.0
               +-------+-------+-------+-------+-------+----------------------

Vault maps used:
D:1:      dpeg_arrival_simpleton_a
D:2:      nicolae_overflow_quartered_altars, first_ration
D:3:      chequers_ecumenical_altar_island, uniq_grinder, uniq_ijyb
D:4:      wad_woods_stonehenge, lemuel_coloured_pillars_altar, vehumet_statue,
          uniq_natasha
